 Dungeon Crawl Stone Soup version 0.19.1 (webtiles) character file.

170 Leibowitz the Poker (level 5, -1/41 HPs)
             Began as a Demigod Gladiator on Nov 29, 2016.
             Slain by a hobgoblin (2 damage)
             ... on level 3 of the Dungeon.
             The game lasted 00:07:39 (2082 turns).

Leibowitz the Poker (Demigod Gladiator)             Turns: 2082, Time: 00:07:40

Health: -1/41      AC:  4    Str: 17 (18) XL:     5   Next: 5%
Magic:  7/7        EV: 13    Int: 12      God:
Gold:   112        SH:  0    Dex: 17 (18) Spells: 0 memorised, 4 levels left

rFire  . . .     SeeInvis +     a - +0 trident
rCold  . . .     Gourm    .     b - +0 leather armour
rNeg   . . .     Faith    .     (no shield)
rPois  .         Spirit   .     c - +0 helmet
rElec  .         Reflect  .     (no cloak)
rCorr  .         Harm     .     (no gloves)
MR     +....                    (no boots)
Stlth  +.........               (no amulet)
                                h - ring of protection from magic
                                g - ring of see invisible

@: no status effects
A: high mp 1
a: no special abilities


You were on level 3 of the Dungeon.
You were very hungry.

You visited 1 branch of the dungeon, and saw 3 of its levels.

You collected 112 gold pieces.

Inventory:

Hand Weapons
 a - a +0 trident (weapon)
Missiles
 i - 8 needles of sleeping
Armour
 b - a +0 leather armour (worn)
 c - a +0 helmet (worn)
Jewellery
 g - a ring of see invisible (left hand)
 h - a ring of protection from magic (right hand)
Scrolls
 e - 3 scrolls of identify
 j - a scroll of fog {unknown}
 k - a scroll of blinking {unknown}
 m - a scroll of amnesia {unknown}
 q - 3 scrolls of immolation {unknown}
Comestibles
 f - 2 bread rations
 l - a meat ration


   Skills:
 * Level 2.2 Fighting
 * Level 4.6 Polearms
 + Level 1.8 Throwing
 + Level 1.0 Armour
 * Level 3.2 Dodging
 + Level 0.4 Stealth


You had 4 spell levels left.
You didn't know any spells.

Dungeon Overview and Level Annotations

Branches:
Dungeon (3/15)


Innate Abilities, Weirdness & Mutations

You have an increased reservoir of magic. (+10% MP)


Message History

* * * LOW HITPOINT WARNING * * *
Throwing (i - inventory):
d - a throwing net (quivered)
Press: ? - help, Shift-Dir - straight line, f/p - gnoll
Aim: a gnoll, wielding a flail of protection (lightly wounded)
You throw a throwing net. The throwing net hits the gnoll.
The gnoll is caught in the net!
The gnoll is lightly wounded.
You are feeling very hungry.
The hobgoblin closely misses you.
You catch the helpless gnoll completely off-guard!
You hit the gnoll but do no damage.
The gnoll is lightly wounded.
The gnoll struggles against the net.
The hobgoblin hits you but does no damage.
The gnoll struggles against the net.
You catch the helpless gnoll completely off-guard!
You hit the gnoll.
The gnoll is heavily wounded.
The hobgoblin hits you.
You die...

#####....#....#...#####....).).).
##.###....'......).....#####.
######.###....#...####.....# ##
.....#........#...# #.....##
####.######...##### #......#
#.......#..########....(.#
#.......#..##(......#....#
#.##....#.>.gg......#....#
#.##.#.##.###@.....##....#
#.##.#.##.# #......#######
#.##.#.##g# #......# #g...#.##g#
#...#### #......##.# #.#.#
####...#####.# #.#.#
.........g...# #.#.#
######.#########.#.# #.#
#....(..#.#


You could see a gnoll (caught) and a hobgoblin.

Vanquished Creatures
  Ijyb (D:3)
  Terence (D:3)
  2 adders (D:2)
  3 gnolls (D:3)
  An ooze (D:2)
  A worm (D:2)
  A dart slug (D:1)
  A leopard gecko (D:2)
  5 orcs (D:3)
  3 giant cockroaches
  7 goblins
  9 hobgoblins
  4 jackals (D:1)
  5 kobolds
  5 bats
  5 frilled lizards
  5 rats
59 creatures vanquished.

Notes
Turn   | Place    | Note
-------+----------+-------------------------------------------
     0 | D:1      | Leibowitz the Demigod Gladiator began the quest for the Orb.
     0 | D:1      | Reached XP level 1. HP: 17/17 MP: 3/3
    93 | D:1      | Reached skill level 3 in Polearms
   143 | D:1      | Reached XP level 2. HP: 24/24 MP: 4/4
   533 | D:2      | Reached XP level 3. HP: 18/29 MP: 5/5
   696 | D:2      | HP: 1/29 [poisoned by an adder]
  1322 | D:3      | Noticed Ijyb
  1335 | D:3      | Killed Ijyb
  1335 | D:3      | Reached skill level 4 in Polearms
  1335 | D:3      | Reached XP level 4. HP: 26/36 MP: 6/6
  1673 | D:3      | Noticed Terence
  1740 | D:3      | Killed Terence
  1740 | D:3      | Reached skill level 1 in Armour
  2008 | D:3      | HP: 1/36 [gnoll/whip (7)]
  2077 | D:3      | Reached XP level 5. HP: 9/41 MP: 7/7
  2078 | D:3      | HP: 2/41 [gnoll/flail of protection (4)]
  2082 | D:3      | Slain by a hobgoblin

Skill      XL: |  1  2  3  4 |
---------------+-------------+-----
Polearms       | 3 4 |  4.6
Dodging        | 3 |  3.2
Fighting       | 2 |  2.2
Armour         | 1 |  1.0
Throwing       | |  1.8
Stealth        | |  0.4

Action                   |  1- 3 |  4- 6 || total
-------------------------+-------+-------++-------
Melee: Trident           |   140 |    70 ||   210
Throw: Throwing net      |     2 |     4 ||     6
  Use: Potion            |     3 |     1 ||     4
       Scroll            |       |     2 ||     2
 Stab: Sleeping          |     1 |       ||     1
       Held in net/web   |     1 |     2 ||     3
  Eat: Chunk             |     1 |     2 ||     3
Armor: Leather armour    |    36 |    20 ||    56
Dodge: Dodged            |    86 |    40 ||   126
